 Dungeon Crawl Stone Soup version 0.24.0-123-gd5b16e6ec5 (webtiles) character file.

Game seed: 17254419906407642467, levelgen mode: deterministic

6351 Lemonice the Fighter (level 10, 0/85 HPs)
             Began as a Gnoll Wanderer on Feb 9, 2020.
             Was an Elder of the Shining One.
             Slain by a death yak (9 damage)
             ... on level 8 of the Dungeon.
             The game lasted 00:22:09 (9176 turns).

Lemonice the Fighter (Gnoll Wanderer)               Turns: 9176, Time: 00:22:11

Health: 0/85       AC:  9    Str: 20    XL:     10   Next: 96%
Magic:  20/27      EV: 19    Int: 14    God:    the Shining One [****..]
Gold:   444        SH:  2    Dex: 13    Spells: 11/20 levels left

rFire    . . .     SeeInvis .   F - +4 spear
rCold    . . .     Gourm    .   (no shield)
rNeg     + + .     Faith    .   L - +0 troll leather armour
rPois    .         Spirit   .   t - +0 helmet
rElec    .         Reflect  +   w - +2 cloak {+Inv}
rCorr    .         Harm     .   (no gloves)
MR       .....                  (no boots)
Stlth    +.........             m - +2 amulet of reflection
HPRegen  0.64/turn              j - +5 ring of evasion
MPRegen  0.20/turn              s - ring of magical power

@: glowing
A: distributed training, fangs 1, strong nose
a: Divine Shield, Cleansing Flame, Renounce Religion, Evoke Invisibility


You were on level 8 of the Dungeon.
You worshipped the Shining One.
The Shining One was greatly pleased with you.
You were not hungry.

You visited 1 branch of the dungeon, and saw 9 of its levels.

You collected 444 gold pieces.

Inventory:

Hand Weapons
 a - a +2 spear
 b - a +0 short sword
 x - a +1 whip of freezing
 B - a +4 flail
 F - a +4 spear (weapon)
 N - a +1 trident of piercing
Missiles
 G - 2 throwing nets (quivered)
Armour
 d - a +0 robe
 t - a +0 helmet (worn)
 w - a +2 cloak of invisibility (worn)
 E - a +0 chain mail
 L - a +0 troll leather armour (worn)
Jewellery
 j - a +5 ring of evasion (left hand)
 l - an uncursed amulet of guardian spirit
 m - a +2 amulet of reflection (around neck)
 s - a ring of magical power (right hand)
 I - an uncursed ring of see invisible {unknown}
Wands
 y - a wand of acid (23)
 A - a wand of polymorph (20)
 H - a wand of disintegration (16)
Scrolls
 e - 2 scrolls of fear {unknown}
 g - 6 scrolls of remove curse {unknown}
 h - 2 scrolls of enchant armour {unknown}
 k - 7 scrolls of identify {unknown}
 p - 6 scrolls of teleportation {unknown}
 q - 2 scrolls of amnesia {unknown}
 u - 2 scrolls of fog {unknown}
 v - 3 scrolls of random uselessness {unknown}
 C - a scroll of blinking {unknown}
 D - a scroll of acquirement {unknown}
 J - a scroll of noise {unknown}
 K - a scroll of torment {unknown}
Potions
 c - 2 potions of lignification
 i - 2 potions of magic {unknown}
 n - a potion of mutation {unknown}
 o - 3 potions of degeneration {unknown}
 r - 2 potions of brilliance {unknown}
 z - 5 potions of curing
 M - 2 potions of flight {unknown}
Comestibles
 f - 20 rations


   Skills:
 + Level 10.2 Fighting
 + Level 5.6 Short Blades
 + Level 6.3 Long Blades
 + Level 5.6 Axes
 + Level 5.6 Maces & Flails
 + Level 8.7 Polearms
 + Level 5.6 Staves
 + Level 5.6 Slings
 + Level 5.6 Bows
 + Level 5.6 Crossbows
 + Level 7.3 Throwing
 + Level 5.6 Armour
 + Level 5.6 Dodging
 + Level 5.6 Stealth
 + Level 5.6 Shields
 + Level 5.6 Unarmed Combat
 + Level 5.6 Spellcasting
 + Level 4.6 Conjurations
 + Level 4.6 Hexes
 + Level 4.6 Charms
 + Level 4.6 Summonings
 + Level 4.6 Necromancy
 + Level 4.6 Translocations
 + Level 4.6 Transmutations
 + Level 4.6 Fire Magic
 + Level 4.6 Ice Magic
 + Level 4.6 Air Magic
 + Level 4.6 Earth Magic
 + Level 4.6 Poison Magic
 + Level 6.2 Invocations
 + Level 5.6 Evocations


You had 11 spell levels left.
You knew the following spells:

 Your Spells              Type           Power        Failure   Level  Hunger
a - Blink                 Tloc           N/A          4%          2    ##.....
b - Passwall              Tmut/Erth      ###.....     4%          2    ##.....
c - Slow                  Hex            ###.....     4%          2    ##.....
d - Conjure Flame         Conj/Fire      ###.....     9%          3    ###....

Your spell library contained the following spells:

 Spells                   Type           Power        Failure   Level  Hunger
 Magic Dart               Conj           ###.         2%          1    None
 Sandblast                Erth           ###...       2%          1    None
 Call Imp                 Summ           ###.....     4%          2    ##.....
 Mephitic Cloud           Conj/Pois/Air  ###.....     9%          3    ###....
 Stone Arrow              Conj/Erth      ###...       9%          3    ###....
 Petrify                  Tmut/Erth      ###.....     26%         4    ####...
 Lee's Rapid Deconstruct  Erth           ###.......   58%         5    ######.


Dungeon Overview and Level Annotations

Branches:
Dungeon (9/15)             Temple (0/1) D:4            Lair (0/6) D:9
    Orc: D:9-12

Altars:
Dithmenos
Elyvilon
Nemelex Xobeh
Trog
Wu Jian
Yredelemnul
Zin
The Shining One

Annotations:
D:8 5 runed translucent doors


Innate Abilities, Weirdness & Mutations

Your experience applies equally to all skills.
You have very sharp teeth.
Your uncanny sense of smell can sniff out nearby items.


Message History

Confirm with . or Enter, or press ? or * to list all spells.
You blink.
The death yak gores you!
* * * LOW HITPOINT WARNING * * *
Casting: Blink (safe; 4% risk of failure)
Confirm with . or Enter, or press ? or * to list all spells.
You blink.
Casting: Blink (safe; 4% risk of failure)
Confirm with . or Enter, or press ? or * to list all spells.
Aiming: Passwall (safe; 4% risk of failure)
Press: ? - help, Dir - move target cursor A rock wall.
This square is lit by a halo.
You begin to meditate on the wall.
You continue meditating on the rock.
The death yak gores you but does no damage.
You continue meditating on the rock.
The death yak gores you!
* * * LOW HITPOINT WARNING * * *
You continue meditating on the rock.
The death yak gores you!
You die...

####### #.....# #.....#
#.....#
##########.....#####
...................#####
##........))######.....#
#.#######)##########.##
##.# #...# #..@...#.#
...# ###.### #..Y...#.#
######...# #..>...#.#
#...#######......#.#
###.##..)).##....<...#
#...##.###.#........##
##.####.#.....###.##.#
#..##.....##.## #.#..###
#.#....#####..###......#


You could see a death yak.

Vanquished Creatures
  A two-headed ogre (D:8)
  Pikel (D:5)
  A troll (D:9)
  Grinder (D:3)
  A hornet (D:9)
  A hippogriff (D:8)
  A spriggan (D:7)
  A hungry ghost (D:5)
  Menkaure (D:6)
  Duvessa (D:7)
  An orc warrior (D:7)
  A slave (D:5)
  A black bear (D:6)
  4 ice beasts
  3 phantoms
  6 ogres
  A centaur (D:5)
  A crocodile (D:7)
  2 big kobolds
  3 bullfrogs
  Dowan (D:7)
  2 scorpions
  3 killer bees (D:8)
  5 wights (D:7)
  2 crimson imps
  2 bullfrog zombies (D:5)
  2 hounds
  A jelly (D:5)
  Crazy Yiuf (D:2)
  3 orc priests
  2 gnoll shamans (D:7)
  9 orc wizards
  A bullfrog skeleton (D:5)
  2 centaur skeletons
  3 iguanas
  Natasha (thrice) (D:3)
  A hell rat (D:9)
  3 worker ants
  A killer bee zombie (D:7)
  5 worker ant zombies
  Robin (D:2)
  A howler monkey zombie (D:7)
  11 gnolls
  10 adders
  2 river rats (D:9)
  A shadow imp (D:7)
  2 adder skeletons (D:5)
  5 dart slugs
  6 leopard geckos
  29 orcs
  A ball python (D:1)
  9 giant cockroaches
  24 goblins
  8 hobgoblins
  6 jackals
  18 kobolds
  7 quokkas
  5 bats
  4 frilled lizards
  A giant cockroach zombie (D:5)
  2 leopard gecko zombies (D:5)
  14 rats
252 creatures vanquished.

Vanquished Creatures (others)
  A slave (D:5)
  A bullfrog zombie (D:5)
  A worker ant (D:5)
  An adder (D:5)
  An adder zombie (D:5)
5 creatures vanquished.

Grand Total: 257 creatures vanquished

Notes
Turn   | Place    | Note
-------+----------+-------------------------------------------
     0 | D:1      | Lemonice the Gnoll Wanderer began the quest for the Orb.
     0 | D:1      | Lemonice set off with the following items: a +2 spear, a +0
                  | short sword, a potion of lignification, a +0 robe, a ration
     0 | D:1      | Reached XP level 1. HP: 26/26 MP: 1/1
   101 | D:1      | Reached XP level 2. HP: 33/33 MP: 2/2
   357 | D:1      | Reached XP level 3. HP: 38/38 MP: 3/3
   692 | D:2      | Reached skill level 1 in Invocations
   824 | D:2      | Found a basalt altar of Yredelemnul.
   861 | D:2      | Reached skill level 1 in Short Blades
   861 | D:2      | Reached skill level 1 in Axes
   861 | D:2      | Reached skill level 1 in Maces & Flails
   861 | D:2      | Reached skill level 1 in Staves
   861 | D:2      | Reached skill level 1 in Slings
   861 | D:2      | Reached skill level 1 in Bows
   861 | D:2      | Reached skill level 1 in Crossbows
   861 | D:2      | Reached skill level 1 in Armour
   861 | D:2      | Reached skill level 1 in Dodging
   861 | D:2      | Reached skill level 1 in Stealth
   861 | D:2      | Reached skill level 1 in Shields
   861 | D:2      | Reached skill level 1 in Unarmed Combat
   861 | D:2      | Reached skill level 1 in Spellcasting
   861 | D:2      | Reached skill level 1 in Evocations
   874 | D:2      | Reached XP level 4. HP: 43/45 MP: 5/5
   978 | D:2      | Found a bloodstained altar of Trog.
  1086 | D:2      | Found a glowing golden altar of the Shining One.
  1086 | D:2      | Found a white marble altar of Elyvilon.
  1087 | D:2      | Found a glowing silver altar of Zin.
  1094 | D:2      | Became a worshipper of the Shining One
  1373 | D:2      | Noticed Robin
  1377 | D:2      | Reached skill level 1 in Conjurations
  1377 | D:2      | Reached skill level 1 in Hexes
  1377 | D:2      | Reached skill level 1 in Charms
  1377 | D:2      | Reached skill level 1 in Summonings
  1377 | D:2      | Reached skill level 1 in Necromancy
  1377 | D:2      | Reached skill level 1 in Translocations
  1377 | D:2      | Reached skill level 1 in Transmutations
  1377 | D:2      | Reached skill level 1 in Fire Magic
  1377 | D:2      | Reached skill level 1 in Ice Magic
  1377 | D:2      | Reached skill level 1 in Air Magic
  1377 | D:2      | Reached skill level 1 in Earth Magic
  1377 | D:2      | Reached skill level 1 in Poison Magic
  1397 | D:2      | Killed Robin
  1650 | D:2      | Found a runed translucent door.
  1651 | D:2      | Noticed Crazy Yiuf
  1721 | D:2      | HP: 2/45 [Crazy Yiuf/+3 quarterstaff of chaos (6)]
  2212 | D:3      | Noticed Grinder
  2216 | D:3      | Reached XP level 5. HP: 51/51 MP: 6/6
  2222 | D:3      | Paralysed by Grinder for 3 turns
  2251 | D:3      | Paralysed by Grinder for 2 turns
  2257 | D:3      | Killed Grinder
  2257 | D:3      | Reached skill level 5 in Throwing
  2257 | D:3      | Reached XP level 6. HP: 12/57 MP: 6/9
  2505 | D:3      | Noticed Natasha
  2517 | D:3      | Killed Natasha
  2544 | D:3      | Noticed Natasha
  2550 | D:3      | Killed Natasha
  2573 | D:3      | Noticed Natasha
  2582 | D:3      | Killed Natasha
  2637 | D:3      | Reached * piety under the Shining One
  3262 | D:4      | Found a staircase to the Ecumenical Temple.
  3282 | D:4      | Noticed a phantom
  3283 | D:4      | Reached XP level 7. HP: 50/63 MP: 10/10
  3632 | D:2      | Killed Crazy Yiuf
  4046 | D:4      | Reached skill level 9 in Fighting
  4228 | D:5      | Entered Level 5 of the Dungeon
  4270 | D:4      | Reached XP level 8. HP: 26/71 MP: 12/12
  4844 | D:5      | Noticed Pikel
  4845 | D:5      | Reached ** piety under the Shining One
  4867 | D:5      | Killed Pikel
  4964 | D:5      | Reached XP level 9. HP: 52/76 MP: 14/14
  5269 | D:5      | Found a sparkling altar of Nemelex Xobeh.
  5450 | D:6      | Noticed Menkaure
  5466 | D:6      | Killed Menkaure
  5466 | D:6      | Reached skill level 5 in Long Blades
  5603 | D:6      | Found a shadowy altar of Dithmenos.
  5876 | D:7      | Reached *** piety under the Shining One
  5965 | D:7      | Reached skill level 5 in Invocations
  6321 | D:7      | Noticed Duvessa
  6322 | D:7      | Noticed Dowan
  6357 | D:7      | Killed Duvessa
  6360 | D:7      | Killed Dowan
  6360 | D:7      | Reached XP level 10. HP: 38/84 MP: 17/17
  6372 | D:7      | Found an ornate altar of the Wu Jian Council.
  7331 | D:7      | Reached skill level 5 in Short Blades
  7331 | D:7      | Reached skill level 5 in Axes
  7331 | D:7      | Reached skill level 5 in Maces & Flails
  7331 | D:7      | Reached skill level 5 in Staves
  7331 | D:7      | Reached skill level 5 in Slings
  7331 | D:7      | Reached skill level 5 in Bows
  7331 | D:7      | Reached skill level 5 in Crossbows
  7331 | D:7      | Reached skill level 5 in Armour
  7331 | D:7      | Reached skill level 5 in Dodging
  7331 | D:7      | Reached skill level 5 in Stealth
  7331 | D:7      | Reached skill level 5 in Shields
  7331 | D:7      | Reached skill level 5 in Unarmed Combat
  7331 | D:7      | Reached skill level 5 in Spellcasting
  7331 | D:7      | Reached skill level 5 in Evocations
  8029 | D:8      | Learned a level 2 spell: Blink
  8032 | D:8      | Learned a level 2 spell: Passwall
  8035 | D:8      | Learned a level 2 spell: Slow
  8039 | D:8      | Learned a level 3 spell: Conjure Flame
  8166 | D:8      | Reached **** piety under the Shining One
  8207 | D:8      | Reached skill level 10 in Fighting
  8224 | D:8      | Found the +9 staff of Olgreb {rPois}
  8231 | D:8      | Found a runed translucent door.
  8236 | D:8      | Found a runed translucent gate.
  8236 | D:8      | Found a runed translucent gate.
  8237 | D:8      | Found a runed translucent door.
  8247 | D:8      | Found a runed translucent gate.
  8319 | D:8      | Noticed a two-headed ogre
  8335 | D:8      | Killed a two-headed ogre
  9114 | D:9      | Found a staircase to the Lair.
  9140 | D:9      | Noticed a death yak
  9141 | D:9      | Noticed a death yak
  9141 | D:9      | Noticed a death yak
  9176 | D:8      | Slain by a death yak

Levels and vault maps discovered:
D:1:      tarquinn_simple_flora_water_d, layout_loops_ring
D:2:      layout_basic, good_gods_temple_1, lemuel_crystal_altar,
          yredelemnul_altar_generic, minmay_misc_feat_pillars,
          chequers_serial_rivers_micro_c, chequers_serial_rivers_room_a,
          minmay_quantized, uniq_crazy_yiuf_cottage, uniq_robin
D:3:      layout_basic, uniq_natasha, uniq_grinder
D:4:      layout_gridville, minmay_temple_entry_sparse_star, first_ration
D:5:      layout_loops_ring, nemelex_xobeh_ov_fountains_minmay, serial_undead,
          serial_undead_f, serial_undead_d, serial_undead_b, serial_undead_b,
          serial_undead_a, serial_undead_c, nicolae_sextant, uniq_pikel
D:6:      layout_rooms, grunt_dithmenos_smoke_and_mirrors, uniq_menkaure
D:7:      layout_basic, lemuel_round_altar, the_bakery, uniq_duvessa
D:8:      layout_rooms, minmay_guarded_unrand_staff_of_olgreb
D:9:      layout_long_grid, led_sif_book, dpeg_lair_monsters, serial_shops, shop

Skill      XL: |  1  2  3  4  5  6  7  8  9 10 |
---------------+-------------------------------+-----
Invocations    | 1 2 3 4 5 6 |  6.2
Short Blades   | 1 2 3 4 5 |  5.6
Axes           | 1 2 3 4 5 |  5.6
Maces & Flails | 1 2 3 4 5 |  5.6
Staves         | 1 2 3 4 5 |  5.6
Slings         | 1 2 3 4 5 |  5.6
Bows           | 1 2 3 4 5 |  5.6
Crossbows      | 1 2 3 4 5 |  5.6
Armour         | 1 2 3 4 5 |  5.6
Dodging        | 1 2 3 4 5 |  5.6
Stealth        | 1 2 3 4 5 |  5.6
Shields        | 1 2 3 4 5 |  5.6
Unarmed Combat | 1 2 3 4 5 |  5.6
Spellcasting   | 1 2 3 4 5 |  5.6
Evocations     | 1 2 3 4 5 |  5.6
Conjurations   | 1 2 3 4 |  4.6
Hexes          | 1 2 3 4 |  4.6
Charms         | 1 2 3 4 |  4.6
Summonings     | 1 2 3 4 |  4.6
Necromancy     | 1 2 3 4 |  4.6
Translocations | 1 2 3 4 |  4.6
Transmutations | 1 2 3 4 |  4.6
Fire Magic     | 1 2 3 4 |  4.6
Ice Magic      | 1 2 3 4 |  4.6
Air Magic      | 1 2 3 4 |  4.6
Earth Magic    | 1 2 3 4 |  4.6
Poison Magic   | 1 2 3 4 |  4.6
Long Blades    | 3 4 5 6 |  6.3
Throwing       | 5 6 7 |  7.3
Polearms       | 7 8 |  8.7
Fighting       | 9 10 | 10.2

Action                   |  1- 3 |  4- 6 |  7- 9 | 10-12 || total
-------------------------+-------+-------+-------+-------++-------
Melee: Spear             |    86 |   168 |   483 |   400 ||  1137
       Bite              |     3 |    12 |    56 |    46 ||   117
       Punch             |       |       |     7 |    11 ||    18
 Cast: Slow              |       |       |       |    16 ||    16
       Blink             |       |       |       |     3 ||     3
       Passwall          |       |       |       |     1 ||     1
  Use: Potion            |       |     1 |       |       ||     1
 Stab: Sleeping          |     3 |     1 |       |       ||     4
       Distracted        |     1 |       |       |       ||     1
  Eat: Chunk             |       |     6 |    10 |     5 ||    21
       Ration            |       |       |       |     2 ||     2
Armor: Robe              |     6 |    16 |    48 |    24 ||    94
       Troll leather arm |       |       |       |    19 ||    19
Dodge: Dodged            |    24 |    56 |   243 |   276 ||   599
Block: Other             |       |       |    12 |    26 ||    38
       Reflection        |       |       |     1 |       ||     1
